 Dungeon Crawl Stone Soup version 0.20-a0-1058-g0491fde (webtiles) character file.

238572 4thArraOfDagon the Necromancer (level 18, -2/127 HPs)
             Began as a Mummy Hunter on Apr 26, 2017.
             Was the Champion of Cheibriados.
             Killed from afar by a deep elf annihilator (57 damage)
             ... with a crystal spear
             ... on level 3 of the Elven Halls.
             The game lasted 02:44:07 (22604 turns).

4thArraOfDagon the Necromancer (Mummy Hunter)      Turns: 22604, Time: 02:44:07

Health: -2/127     AC: 33    Str: 33    XL:     18   Next: 56%
Magic:  13/42      EV: 19    Int: 34    God:    Cheibriados [******]
Gold:   1446       SH:  0    Dex: 32    Spells: 17/37 levels left

rFire    x . .     SeeInvis +   U - +10 morningstar "Eos" {elec, Halo rElec}
rCold    + . .     Gourm    .   (no shield)
rNeg     + + +     Faith    +   i - +1 plate armour
rPois    ∞         Spirit   .   l - +3 hat of Pondering {ponderous, MR+ MP+10 Int+5}
rElec    +         Reflect  .   A - +1 cloak
rCorr    .         Harm     .   S - +1 pair of gloves {Str+3}
MR       +++..                  p - +2 pair of boots {Fly}
Stlth    ..........             d - amulet of faith
Regen    0.4/turn               V - ring of see invisible
MPRegen  0.3/turn               N - +6 ring of protection

@: glowing, very slow
A: no food or potions, fire vulnerability, cold resistance 1, negative energy
resistance 3, torment resistance, unbreathing, in touch with death 1
}: 2/15 runes: decaying, gossamer
a: Bend Time, Temporal Distortion, Slouch, Step From Time, Renounce Religion,
Evoke Flight


You were on level 3 of the Elven Halls.
You worshipped Cheibriados.
Cheibriados was exalted by your worship.
You were not hungry.

You visited 6 branches of the dungeon, and saw 34 of its levels.
You also visited: Labyrinth.

You collected 2587 gold pieces.
You spent 1141 gold pieces at shops.

Inventory:

Hand Weapons
 a - a +1 hand crossbow
 c - the +7 morningstar of Eternal War {flame, rElec rN++}
   (You bought it in a shop on level 9 of the Dungeon)

   It has been specially enchanted to burn those struck by it, causing extra
   injury to most foes and up to half again as much damage against particularly
   susceptible opponents.
   It insulates you from electricity.
   It greatly protects you from negative energy.
 G - a +2 vampiric battleaxe
 U - the +10 morningstar "Eos" (weapon) {elec, Halo rElec}
   (You took it off a deep elf high priest on level 3 of the Elven Halls)

   Occasionally, upon striking a foe, it will discharge some electrical energy
   and cause terrible harm.
   It insulates you from electricity.
Missiles
 x - 103 bolts
Armour
 i - a +1 plate armour (worn)
 l - the +3 hat of Pondering (worn) {ponderous, MR+ MP+10 Int+5}
   (You took it off Gastronok on level 8 of the Dungeon)

   It affects your intelligence (+5).
   It affects your resistance to hostile enchantments.
   It affects your magic capacity (+10).
 p - a +2 pair of boots of flying (worn)
 A - a +1 cloak (worn)
 R - the +2 hat of Dice, Bag, and Bottle {rF+++ rN+ MR-}
   (You acquired it on level 12 of the Dungeon)

   It renders you almost immune to fire.
   It protects you from negative energy.
   It affects your resistance to hostile enchantments.
 S - a +1 pair of gloves of strength (worn)
 Y - the +0 helmet of the Marlin {rC+ Int+4}
   (You found it on level 3 of the Lair of Beasts)

   It affects your intelligence (+4).
   It protects you from cold.
Magical Staves
 L - an uncursed staff of summoning {!a}
 T - an uncursed staff of wizardry {!a}
Jewellery
 d - an amulet of faith (around neck)
 h - an uncursed amulet of magic regeneration
 u - an uncursed ring of resist corrosion
 H - an uncursed ring of wizardry
 J - an uncursed ring of ice
 N - a +6 ring of protection (right hand)
 V - a ring of see invisible (left hand)
 X - an uncursed ring of ice
Wands
 e - a wand of iceblast (1/15)
 j - a wand of paralysis (4/24)
 k - a wand of paralysis (10/24)
 m - a wand of polymorph (3/24)
 t - a wand of iceblast (3/15)
 y - a wand of flame (25/48)
 B - a wand of digging (9/24)
 E - a wand of flame (0/48)
 F - a wand of confusion (35/48)
 I - a wand of confusion (8/48)
 K - a wand of acid (5/15)
 O - a wand of confusion (43/48)
 P - a wand of flame (31/48)
 Q - a wand of iceblast (7/15)
 W - a wand of flame (1/48)
 Z - a wand of paralysis (6/24)
Scrolls
 b - 4 scrolls of magic mapping
 f - 10 scrolls of enchant armour
 g - 2 scrolls of blinking
 n - 3 scrolls of teleportation
 o - 13 scrolls of remove curse
 q - 2 scrolls of identify
 r - 4 scrolls of recharging
 s - 3 scrolls of torment
 w - 2 scrolls of fog
 z - 5 scrolls of fear
 D - 5 scrolls of enchant weapon
Books
 C - a book of Unlife

   Spells                             Type                      Level
   a - Recall                         Summoning/Translocation      3
   b - Animate Dead                   Necromancy                   4
   c - Control Undead                 Necromancy                   4
   d - Cigotuvi's Embrace             Necromancy                   5
   e - Death Channel                  Necromancy                   6
   f - Simulacrum                     Ice/Necromancy               6
Miscellaneous
 v - a sack of spiders
 M - a fan of gales


   Skills:
 - Level 7.2 Fighting
 - Level 8.0(10.4) Axes
 * Level 10.4(11.5) Maces & Flails
 - Level 6.1 Crossbows
 + Level 11.3 Armour
 + Level 10.9 Dodging
 - Level 0.7 Stealth
 - Level 10.0 Spellcasting
 * Level 15.4 Necromancy
 - Level 10.1 Invocations
 * Level 9.7 Evocations


You had 17 spell levels left.
You knew the following spells:

 Your Spells              Type           Power        Failure   Level  Hunger
a - Vampiric Draining     Necr           ########..   1%          3    N/A
b - Animate Dead          Necr           N/A          1%          4    N/A
c - Blink                 Tloc           N/A          22%         2    N/A
d - Passage of Golubria   Tloc           N/A          83%         4    N/A
e - Death Channel         Necr           ########..   4%          6    N/A
f - Apportation           Tloc           ###...       16%         1    N/A

Dungeon Overview and Level Annotations

Branches:
Dungeon (15/15)            Temple (0/1) D:6            Lair (6/6) D:11
  Swamp (4/4) Lair:2       Spider (4/4) Lair:2        Slime (0/5) Lair:5
    Orc (2/2) D:9             Elf (3/3) Orc:2        Vaults (0/5) D:14
 Depths: D:15

Altars:
Ashenzari
Cheibriados
Dithmenos
Elyvilon
Gozag
Makhleb
Qazlal
Trog
Wu Jian
Xom
Beogh
Jiyva

Shops:
D:5 *   D:9 ([(   D:13 %   Orc:2 }*:?   Elf:2 =

Portals:
Trove: D:15 (give +6 demon blade)

Annotations:
D:14 Rupert
Lair:2 exclusion: 2 oklob plants
Lair:5 exclusion: 3 oklob plants


Innate Abilities, Weirdness & Mutations

You do not eat or drink.
Your flesh is vulnerable to fire.
You are immune to poison.
Your flesh is cold resistant. (rC+)
You are immune to negative energy. (rN+++)
You are immune to unholy pain and torment.
You can survive without breathing.
You are in touch with the powers of death.


Message History

Press: ? - help, Shift-Dir - straight line, f/p - deep elf annihilator
Aim: a deep elf annihilator, wielding a vampiric broad axe (moderately wounded, haloed)
You feel a surge of power!
The deep elf annihilator is heavily wounded.
You feel life coursing into your body.
The deep elf annihilator gestures wildly while chanting.
The deep elf annihilator blinks!
Unknown command.
Unknown command.
Casting: Vampiric Draining
Confirm with . or Enter, or press ? or * to list all spells.
Aiming: Vampiric Draining
Press: ? - help, Shift-Dir - straight line, f/p - deep elf annihilator
Aim: a deep elf annihilator, wielding a vampiric broad axe (heavily wounded, haloed)
You feel a surge of power!
The deep elf annihilator is severely wounded.
You feel life coursing into your body.
The deep elf annihilator gestures at you while chanting.
The crystal spear hits you!
You die...

***,,,***,,,,,*#...#
,,*,,,,,*,,,,,*#...#
*,,,,,,,**8,8*##...#
,,*,,,.,******#....#
***,,e..,,** ###..##
,,*,,....,,* ###)..#
,,*,,..e..,* #....(#
,,*,,......#####...(#
,,*,,......e..##@e.##
,**,*#.....##()§)..#
***,,,,,#...(.)...##
* ****#.#.#########
#.*,* *,*,* *,,,*
*****


You could see a deep elf annihilator.

Vanquished Creatures
  Nikola (Spider:1)
  Asterion (Spider:3)
  A deep elf master archer (Elf:3)
  A deep elf blademaster (Elf:3)
  Gastronok (D:8)
  2 thorn hunters (Swamp:3)
  Donald (Orc:2)
  A ghost moth (Spider:4)
  An orc warlord (Orc:2)
  A caustic shrike zombie (D:15)
  3 deep elf sorcerers (Elf:3)
  5 emperor scorpions
  A deep elf elementalist (Elf:3)
  4 entropy weavers
  A deep elf demonologist (Elf:3)
  3 deep elf annihilators (Elf:3)
  A dire elephant (Lair:6)
  A spark wasp (Spider:4)
  2 deep elf death magi (Elf:3)
  A minotaur (Lab)
  Erolcha (Orc:2)
  Josephine (D:10)
  3 deep elf high priests (Elf:3)
  An ice dragon (Lair:2)
  19 hydras
  Harold (D:10)
  2 ghost crabs
  3 catoblepae (Lair:6)
  2 centaur warriors
  3 dancing weapons (Elf:2)
  14 two-headed ogres
  5 alligators
  2 ogre magi (D:15)
  A tengu warrior (D:14)
  4 orc high priests (Orc:2)
  6 death yaks (Lair:6)
  A vampire mage (D:15)
  4 deep elf knights
  Nergalle (D:10)
  A shock serpent (Orc:1)
  The ghost of Kokiki the Blocker, a novice GrFi of Okawaru (D:9)
  5 skeletal warriors (D:15)
  3 unseen horrors
  A spriggan druid (Swamp:4)
  9 swamp dragons
  4 orc knights
  A deep elf archer (Elf:3)
  A lindwurm (Lair:6)
  3 orb spiders
  A cyclops (D:12)
  Pikel (D:8)
  A necromancer (D:15)
  16 ugly things
  2 wolf spider zombies
  6 manticores
  27 deep elf magi
  6 orc sorcerers (Orc:2)
  14 wolf spiders
  2 elephants
  3 moths of wrath
  A frost giant skeleton (D:15)
  7 black mambas
  15 spiny frogs
  2 torpor snails
  3 komodo dragons
  9 rime drakes
  6 demonic crawlers
  A guardian mummy (D:15)
  An efreet (D:14)
  3 trolls
  24 jumping spiders
  2 tengu conjurers (D:15)
  A queen bee (Lair:3)
  2 tyrant leeches
  A polar bear (Lair:6)
  A meliai (shapeshifter) (D:15)
  11 hornets
  6 bog bodies
  20 hippogriffs
  6 slime creatures
  20 blink frogs
  41 redbacks
  3 air elementals (Elf:3)
  2 shadows
  5 spriggans
  A water elemental (D:13)
  51 yaks
  13 wyverns
  8 wraiths
  9 basilisks
  Eustachio (D:4)
  2 hogs (Spider:1)
  A fire elemental (Elf:1)
  25 tarantellas
  2 steam dragons (Lair:6)
  2 hungry ghosts (D:13)
  20 vampire mosquitoes
  15 humans (D:14)
  15 swamp worms
  6 wargs
  5 insubstantial wisps
  13 water moccasins
  7 porcupines
  A phantom (D:7)
  7 swamp drakes
  2 ice beasts
  4 black bears
  6 sky beasts
  2 slaves
  52 orc warriors
  12 centaurs
  2 eyes of draining
  12 wolves
  22 ogres
  10 crocodiles
  21 bullfrogs
  Blork the orc (D:6)
  3 scorpions
  37 killer bees
  7 wights
  7 electric eels
  A howler monkey (D:6)
  4 crimson imps
  2 bullfrog zombies
  A quasit (D:9)
  9 jellies
  34 orc priests
  A gnoll shaman (D:6)
  11 hounds
  Ijyb (D:5)
  7 iguanas
  2 centaur skeletons
  22 orc wizards
  8 worker ants
  A killer bee zombie (D:6)
  2 hound skeletons
  A howler monkey zombie (D:11)
  8 gnolls
  8 adders
  5 shadow imps
  3 oozes
  3 adder skeletons
  12 worms (Lair:1)
  A dart slug (D:1)
  8 leopard geckos
  107 orcs
  3 bats (D:2)
  3 giant cockroaches
  3 goblins
  7 hobgoblins
  9 jackals
  3 quokkas
  2 ball pythons
  4 frilled lizards
  3 kobolds
  A quokka skeleton (D:4)
  2 quokka zombies (D:5)
  3 rats
  2 briar patches
  A plant (Lair:1)
1120 creatures vanquished.

Vanquished Creatures (collateral kills)
  Kirke (Spider:1)
  A thorn hunter (Swamp:4)
  A ghost moth (Spider:4)
  2 emperor scorpions (Spider:4)
  An entropy weaver (Spider:1)
  3 hydras (Swamp:4)
  A death knight (D:15)
  2 swamp dragons (Swamp:4)
  16 orb spiders
  19 wolf spiders
  A moth of wrath (Spider:4)
  3 torpor snails (Spider:1)
  4 demonic crawlers
  19 jumping spiders
  8 hornets
  30 redbacks
  14 tarantellas
  A spriggan (Swamp:4)
  2 hogs (Spider:1)
  2 swamp worms (Swamp:4)
  3 swamp drakes (Swamp:4)
  A briar patch (Swamp:4)
135 creatures vanquished.

Vanquished Creatures (others)
  A deep elf knight (Elf:3)
  An orb spider (Spider:4)
  A wolf spider (Spider:1)
  A slime creature (Swamp:4)
  2 tarantellas (Spider:1)
  A human (D:14)
  A hog (Spider:1)
  A swamp worm (Swamp:4)
  A swamp drake (Swamp:4)
  An ogre (D:8)
  A slave (D:8)
  3 centaurs
  An orc wizard (Orc:2)
  3 orcs
  2 briar patches
  11 fungi
  16 plants
  6 withered plants (D:15)
54 creatures vanquished.

Grand Total: 1309 creatures vanquished

Notes
Turn   | Place    | Note
-------+----------+-------------------------------------------
     0 | D:1      | 4thArraOfDagon the Mummy Hunter began the quest for the Orb.
     0 | D:1      | Reached XP level 1. HP: 16/16 MP: 1/1
   110 | D:2      | Reached XP level 2. HP: 20/22 MP: 2/2
   486 | D:5      | Entered Level 5 of the Dungeon
   566 | D:5      | Reached XP level 3. HP: 23/27 MP: 3/3
   585 | D:6      | Noticed an ogre
   590 | D:6      | Killed an ogre
   590 | D:6      | Reached skill level 5 in Crossbows
   590 | D:6      | Reached XP level 4. HP: 31/33 MP: 4/4
   608 | D:6      | Reached XP level 5. HP: 38/38 MP: 5/5
   695 | D:5      | Found a snail-covered altar of Cheibriados.
   734 | D:5      | Became a worshipper of Cheibriados the Contemplative
   973 | D:2      | Found an ornate altar of the Wu Jian Council.
  1145 | D:1      | magipi: D1 chei?
  1175 | D:1      | Reached * piety under Cheibriados
  1208 | D:1      | 4thArraOfDagon: naa, like d:6
  1316 | D:2      | magipi: I was wondering if there's a new Slow Knight background or what :D
  1316 | D:2      | 4thArraOfDagon: kinda bad for mummy i know
  1356 | D:2      | magipi: everything is bad for Mu
  1386 | D:3      | 4thArraOfDagon: :)
  1395 | D:3      | magipi: maybe Gozag isn't ?
  1409 | D:3      | Reached XP level 6. HP: 39/44 MP: 6/6
  1649 | D:4      | Found a shattered altar of Ashenzari.
  1652 | D:4      | Found a white marble altar of Elyvilon.
  1655 | D:4      | Found a shadowy altar of Dithmenos.
  1688 | D:4      | Reached skill level 1 in Armour
  1747 | D:4      | 4thArraOfDagon: it isn't THAT bad
  1747 | D:4      | 4thArraOfDagon: but still is :)
  1851 | D:4      | magipi: also, in trunk everything is bad, even mibe
  1851 | D:4      | 4thArraOfDagon: well I don't care as long as I will have mu-dg-fe streak
  1862 | D:4      | 4thArraOfDagon: then I can start everlasting 15rune streak with all backgrounds ;)
  1866 | D:5      | Noticed Ijyb
  1866 | D:5      | Noticed Eustachio
  1893 | D:4      | Killed Eustachio
  1893 | D:4      | Reached XP level 7. HP: 27/52 MP: 7/7
  2000 | D:4      | magipi: you are trying to streak, also speedrun, play mummy and felid, and play trunk?
  2007 | D:4      | Found an opulent altar of Gozag.
  2064 | D:5      | magipi: a bit too many challenge conditions :D
  2096 | D:5      | Reached ** piety under Cheibriados
  2097 | D:5      | 4thArraOfDagon: not a speedrun so might be ddoable??
  2196 | D:6      | Found a staircase to the Ecumenical Temple.
  2291 | D:7      | magipi: i hvae faith in you :D
  2464 | D:8      | Reached skill level 1 in Invocations
  2488 | D:8      | magipi: what is your background? hunter?
  2561 | D:8      | Reached XP level 8. HP: 53/60 MP: 7/9
  2642 | D:10     | Entered Level 10 of the Dungeon
  2643 | D:10     | Noticed Josephine
  2786 | D:8      | Noticed Pikel
  2879 | D:7      | Found a shattered altar of Ashenzari.
  3018 | D:7      | 4thArraOfDagon: fe
  3108 | D:7      | 4thArraOfDagon: and fav race - might be gnoll right now
  3245 | D:7      | magipi: i am really struggling with gnoll in the midgame
  3270 | D:7      | Reached skill level 5 in Fighting
  3325 | D:7      | Noticed a hippogriff
  3329 | D:7      | magipi: the early game is good
  3370 | D:7      | Killed a hippogriff
  3394 | D:7      | Reached *** piety under Cheibriados
  3394 | D:7      | Reached XP level 9. HP: 55/68 MP: 11/11
  3423 | D:7      | Found a shimmering altar of Xom.
  3622 | D:10     | Noticed Nergalle
  3734 | D:8      | Noticed Gastronok
  3740 | D:8      | Found a stormy altar of Qazlal.
  3812 | D:8      | magipi: a hat of pond? that might be good with chei
  3849 | D:8      | magipi: too bad we cannot kill him
  3951 | D:6      | magipi: the weapon situation is not good
  3971 | D:5      | Found Basit's General Store.
  4030 | D:5      | Bought a scroll of enchant weapon for 105 gold pieces
  4236 | D:5      | Killed Ijyb
  4459 | D:6      | Noticed Blork the orc
  4466 | D:6      | Killed Blork the orc
  4528 | D:6      | Reached skill level 5 in Dodging
  4591 | D:6      | Reached **** piety under Cheibriados
  4768 | D:6      | Reached skill level 5 in Armour
  5524 | D:11     | Reached skill level 5 in Invocations
  5579 | D:11     | Learned a level 3 spell: Vampiric Draining
  5719 | D:11     | Noticed a two-headed ogre
  5723 | D:11     | Noticed a six-headed hydra
  5835 | D:11     | Noticed a manticore
  5912 | D:11     | Killed a manticore
  5912 | D:11     | Reached skill level 1 in Maces & Flails
  5912 | D:11     | Reached skill level 1 in Spellcasting
  5912 | D:11     | Reached skill level 1 in Necromancy
  5912 | D:11     | Reached XP level 10. HP: 70/79 MP: 13/13
  5934 | D:12     | Reached ***** piety under Cheibriados
  5981 | D:12     | Noticed a two-headed ogre
  5984 | D:12     | Killed a two-headed ogre
  5984 | D:12     | Reached skill level 2 in Necromancy
  6314 | D:11     | Killed a two-headed ogre
  6314 | D:11     | Reached skill level 3 in Necromancy
  6467 | D:11     | Found a staircase to the Lair.
  6471 | D:11     | Noticed a two-headed ogre
  6474 | Lair:1   | Entered Level 1 of the Lair of Beasts
  6517 | Lair:1   | Killed an unseen horror
  6714 | Lair:1   | Reached skill level 4 in Necromancy
  6764 | Lair:1   | Noticed a spiny frog
  6776 | Lair:1   | Killed a spiny frog
  6792 | Lair:1   | magipi: there is a ring
  6809 | Lair:1   | Reached XP level 11. HP: 73/84 MP: 16/16
  7095 | Lair:2   | Noticed an eight-headed hydra
  7105 | Lair:2   | Killed an eight-headed hydra
  7179 | Lair:2   | Found a labyrinth entrance.
  7188 | Lab      | Entered a labyrinth
  7352 | Lab      | magipi: no digging?
  7368 | Lab      | 4thArraOfDagon: no
  7373 | Lab      | magipi: thx
  7529 | Lab      | 4thArraOfDagon: :(
  7531 | Lab      | magipi: oh crap
  7546 | Lab      | 4thArraOfDagon: never happened
  7559 | Lab      | magipi: well maybe there's dig in the mino loot
  7639 | Lab      | Noticed a minotaur
  7650 | Lab      | magipi: oh crap
  7650 | Lab      | Killed a minotaur
  7650 | Lab      | Reached skill level 5 in Necromancy
  7662 | Lab      | 4thArraOfDagon: no digging
  7676 | Lab      | 4thArraOfDagon: andd no items
  7676 | Lab      | magipi: yeah, exceptionally bad
  7680 | Lair:2   | 4thArraOfDagon: no, just standardd
  7680 | Lair:2   | 4thArraOfDagon: never happeneed
  7680 | Lair:2   | 4thArraOfDagon: and we can move forward :)
  7683 | Lair:2   | magipi: :D
  7755 | Lair:2   | magipi: wait
  7764 | Lair:2   | Noticed an ice dragon
  7765 | Lair:2   | magipi: isn't it a fire dragoin lair??
  7771 | Lair:2   | magipi: oh, ice
  7788 | Lair:2   | Killed an ice dragon
  7917 | Lair:2   | Noticed an oklob plant
  7918 | Lair:2   | Noticed an oklob plant
  8013 | Lair:2   | Reached skill level 5 in Maces & Flails
  8058 | Lair:3   | Reached skill level 5 in Spellcasting
  8094 | Lair:3   | Reached skill level 6 in Necromancy
  8108 | Lair:3   | Noticed a six-headed hydra
  8160 | Lair:5   | Noticed a six-headed hydra
  8225 | Lair:5   | Noticed an oklob plant
  8419 | Lair:3   | Reached XP level 12. HP: 86/91 MP: 16/20
  8538 | Lair:3   | Reached skill level 7 in Necromancy
  8716 | Lair:3   | Got a smoking helmet
  8722 | Lair:3   | Identified the +0 helmet of the Marlin {rC+ Int+4} (You found it on level 3 of the Lair of Beasts)
  8891 | Lair:3   | Killed a six-headed hydra
  8895 | Lair:3   | Reached skill level 8 in Necromancy
  9322 | Lair:4   | Reached ****** piety under Cheibriados
  9469 | Lair:5   | Found a viscous altar of Jiyva.
  9469 | Lair:5   | Found a staircase to the Slime Pits.
  9496 | Lair:5   | Killed a six-headed hydra
  9496 | Lair:5   | Gained mutation: You are in touch with the powers of death. [Mummy growth]
  9496 | Lair:5   | Reached XP level 13. HP: 84/96 MP: 23/23
  9548 | Lair:6   | Entered Level 6 of the Lair of Beasts
  9590 | Lair:6   | Reached skill level 9 in Necromancy
  9678 | Lair:6   | Noticed a fire dragon
  9680 | Lair:6   | 4thArraOfDagon: damn
  9681 | Lair:6   | HP: 2/96 [fire dragon/blast of flame (22)]
  9751 | Lair:6   | Learned a level 4 spell: Animate Dead
 10228 | Lair:6   | Found an opulent altar of Gozag.
 10417 | Lair:6   | Reached skill level 10 in Necromancy
 10460 | Lair:6   | Noticed a dire elephant
 10479 | Lair:6   | Killed a dire elephant
 10510 | Lair:6   | Got a twitching bone ring
 10512 | Lair:6   | Identified the ring "Zoetamoe" {+Blink Stlth-} (You found it on level 6 of the Lair of Beasts)
 10654 | Lair:6   | Reached XP level 14. HP: 71/103 MP: 10/26
 10715 | Lair:6   | Learned a level 2 spell: Blink
 10720 | Lair:6   | Learned a level 4 spell: Passage of Golubria
 10724 | Lair:6   | Got a crystal hand axe
 10726 | Lair:6   | Identified the +11 hand axe "Garucraq" {protect, MR+ Dex+6} (You found it on level 6 of the Lair of Beasts)
 10841 | Lair:5   | You fall through a shaft!
 10910 | Lair:5   | magipi: do you really want a hand axe of prot? seems awful
 11242 | Lair:3   | Identified the Tome of Dark Rituals and Calling
 11390 | Lair:1   | Identified the +2 robe "Damnable Contraption" {+Blink rElec rN+++ Dex-4} (You found it on level 1 of the Lair of Beasts)
 11514 | D:10     | Killed Josephine
 11595 | D:10     | Killed Nergalle
 11684 | D:10     | Noticed Harold
 11705 | D:10     | Killed Harold
 12150 | D:12     | Reached skill level 11 in Necromancy
 12407 | D:13     | Found Fumeod's Food Emporium.
 12535 | D:14     | Found a gate to the Vaults.
 12535 | D:14     | Noticed Rupert
 13079 | D:14     | Reached skill level 1 in Evocations
 13215 | D:14     | Reached XP level 15. HP: 107/108 MP: 28/28
 13331 | D:14     | Found a shimmering altar of Xom.
 13334 | D:14     | Found a shimmering altar of Xom.
 13415 | D:15     | Entered Level 15 of the Dungeon
 13616 | D:15     | Found a portal to a secret trove of treasure.
 13672 | D:15     | Reached skill level 10 in Spellcasting
 14043 | D:15     | Identified a scroll of acquirement
 14073 | D:15     | Reached skill level 12 in Necromancy
 14120 | D:15     | Reached skill level 10 in Maces & Flails
 14572 | D:12     | Got an ichor-stained hat
 14583 | D:12     | Identified the +2 hat of Dice, Bag, and Bottle {rF+++ rN+ MR-} (You acquired it on level 12 of the Dungeon)
 14583 | D:12     | :(
 14678 | D:9      | Noticed Kokiki's ghost (novice GrFi)
 14738 | D:9      | Killed Kokiki's ghost
 14814 | D:9      | Found Lafa's Antique Weapon Emporium.
 14822 | D:9      | Bought a bloodstained morningstar for 225 gold pieces
 14826 | D:9      | Identified the +7 morningstar of Eternal War {flame, rElec rN++} (You bought it in a shop on level 9 of the Dungeon)
 14827 | D:9      | Found Zuohos's Armour Shop.
 14829 | D:9      | Found a staircase to the Orcish Mines.
 14833 | D:9      | Found Duofrip's Weapon Shop.
 15025 | D:9      | Found a burning altar of Makhleb.
 15130 | Orc:1    | Entered Level 1 of the Orcish Mines
 15196 | Orc:2    | Entered Level 2 of the Orcish Mines
 15441 | Orc:1    | Noticed Urug
 15447 | Orc:1    | Noticed Urug
 15447 | Orc:1    | Urug changed into Urug the shock serpent
 15450 | Orc:1    | Killed Urug the shock serpent
 15687 | Orc:2    | Noticed Erolcha
 15699 | Orc:2    | Killed Erolcha
 15765 | Orc:2    | Found a roughly hewn altar of Beogh.
 15766 | Orc:2    | Paralysed by an orc sorcerer for 6 turns
 15869 | Orc:2    | Found Pexzac's Magic Scroll Emporium.
 15873 | Orc:2    | Bought a scroll of magic mapping for 45 gold pieces
 15873 | Orc:2    | Bought a scroll of teleportation for 39 gold pieces
 15873 | Orc:2    | Bought a scroll of blinking for 97 gold pieces
 15873 | Orc:2    | Bought a scroll of identify for 26 gold pieces
 15873 | Orc:2    | Bought a scroll of random uselessness for 13 gold pieces
 15873 | Orc:2    | Bought a scroll of torment for 97 gold pieces
 15887 | Orc:2    | Found Qiysyu's Book Shoppe.
 16011 | Orc:2    | Learned a level 6 spell: Death Channel
 16262 | Orc:2    | Found a staircase to the Elven Halls.
 16374 | Orc:2    | Noticed an orc warlord
 16390 | Orc:2    | Killed an orc warlord
 16390 | Orc:2    | Reached skill level 5 in Evocations
 16390 | Orc:2    | Reached XP level 16. HP: 84/115 MP: 26/30
 16403 | Orc:2    | Noticed Donald
 16405 | Orc:2    | Reached skill level 1 in Axes
 16417 | Orc:2    | Killed Donald
 16432 | Orc:2    | Found a roughly hewn altar of Beogh.
 16512 | Orc:2    | Found Umaiqovi's Gadget Emporium.
 16584 | Orc:2    | Reached skill level 10 in Armour
 16593 | Orc:2    | Found Ybiann's General Store.
 16609 | Orc:2    | Bought a scroll of enchant weapon for 120 gold pieces
 16715 | Orc:2    | Paralysed by an orc sorcerer for 4 turns
 16854 | D:8      | Killed Pikel
 17009 | D:8      | Killed Gastronok
 17259 | Lair:2   | Found a staircase to the Swamp.
 17270 | Swamp:1  | Entered Level 1 of the Swamp
 17336 | Swamp:2  | Reached skill level 10 in Invocations
 17348 | Swamp:2  | Found a bloodstained altar of Trog.
 17499 | Swamp:1  | Reached skill level 13 in Necromancy
 17869 | Swamp:3  | Learned a level 1 spell: Apportation
 17901 | Swamp:3  | Noticed a thorn hunter
 17929 | Swamp:3  | Killed a thorn hunter
 18026 | Swamp:3  | Noticed a thorn hunter
 18035 | Swamp:3  | Killed a thorn hunter
 18301 | Swamp:4  | Entered Level 4 of the Swamp
 18400 | Swamp:3  | Reached skill level 10 in Dodging
 18423 | Swamp:3  | Noticed a thorn hunter
 18780 | Swamp:4  | Noticed a thorn hunter
 18785 | Swamp:4  | Killed a thorn hunter
 18836 | Swamp:4  | Got a decaying rune of Zot
 19190 | Lair:2   | Found a hole to the Spider Nest.
 19232 | Spider:1 | Entered Level 1 of the Spider Nest
 19315 | Spider:3 | Reached XP level 17. HP: 116/120 MP: 31/31
 19475 | Spider:3 | Reached skill level 5 in Axes
 19809 | Spider:3 | Noticed Asterion
 19826 | Spider:3 | Killed Asterion
 19900 | Spider:3 | Reached skill level 14 in Necromancy
 19978 | Spider:4 | Entered Level 4 of the Spider Nest
 20622 | Spider:4 | Got a gossamer rune of Zot
 21071 | Spider:1 | Noticed Nikola
 21087 | Spider:1 | Killed Nikola
 21096 | Spider:1 | Noticed Kirke
 21190 | Spider:1 | Reached XP level 18. HP: 98/127 MP: 32/32
 21223 | Spider:1 | Killed Kirke
 21223 | Spider:1 | Reached skill level 15 in Necromancy
 21234 | Spider:1 | jacquesderrida: Degron
 21593 | Orc:2    | 4thArraOfDagon: hi!
 21612 | Orc:2    | Bought a wand of digging (13/24) for 374 gold pieces
 21673 | Elf:1    | Entered Level 1 of the Elven Halls
 21767 | Elf:2    | Found Fasu's Jewellery Shop.
 21898 | Elf:3    | Entered Level 3 of the Elven Halls
 22218 | Elf:3    | jacquesderrida: Hi!
 22604 | Elf:3    | Killed from afar by a deep elf annihilator

Vault maps used:
D:1:      saegor_arrival_simple_a
D:2:      lemuel_crystal_altar
D:4:      kennysheep_big_flooded_room, grunt_temple_overflow_diamond,
          amethyst_overflow_temple_binary, uniq_edmund
D:5:      first_bread, serial_shops, shop, basic_altar, minmay_misc_feat_tiny,
          uniq_ijyb, uniq_eustachio
D:6:      nicolae_whirlpool, minmay_temple_entry_statues_pillars,
          uniq_blork_the_orc
D:7:      lemuel_doored_altar, grunt_ministairs_5, the_bakery,
          evilmike_ruin_ashenzari
D:8:      lemuel_crystal_altar, kennysheep_generic_room_15, uniq_pikel,
          uniq_gastronok
D:9:      orc_david_3, serial_shops, shop, makhleb_heckhound_becter
D:10:     uniq_harold, uniq_josephine, uniq_nergalle
D:13:     serial_shops, shop_fountains, minmay_lizard_king
D:14:     david_vaults_3, xom_redecorated, kennysheep_just_a_vault, uniq_rupert
D:15:     gammafunk_depths_entry_grave, enter_trove_1, kennysheep_doodads
Lair:1:   worms_lemuel, grunt_megastairs_2
Lair:2:   dragon1_lemuel, minmay_swamp_entry_swarm, spider_nest_entry_rubble,
          lab_entry_generic, beast_lair_carwin_11, serial_bayou_shore_b,
          grunt_megastairs_3, serial_bayou_shore_b, lemuel_fruit_fields,
          lemuel_fruit_tree, minmay_lair_oklob_chamber
Lair:3:   regret_index_wax_grids
Lair:4:   nicolae_quartered_pool_medium, fungi_pond_lemuel,
          serial_bayou_shore_a, infiniplex_staircase_pool_2
Lair:5:   dpeg_slime_entry_enclosed_altar, special_room, dpeg_oklob_1
Lair:6:   guppyfry_lair_end_dragon, hangedman_lair_in_review,
          lemuel_centaur_altar, infiniplex_staircase_pool
Swamp:1:  evilmike_swamp_ruin_house_1, swamp_pool2
Swamp:2:  basic_altar
Swamp:3:  evilmike_swamp_ruin_house_4
Swamp:4:  swamp
Spider:1: guppyfry_hornet_nest, uniq_nikola, uniq_kirke
Spider:2: spider_trap
Spider:3: uniq_asterion
Spider:4: spider_rune_water, spider_trap
Orc:1:    uniq_urug
Orc:2:    pubby_orc_utopia, uniq_erolcha, uniq_donald
Elf:1:    minmay_elf_arrival_circle, minmay_elf_crystal_heptagon
Elf:2:    serial_shops, shop, uniq_aizul
Elf:3:    grunt_elf_hall_branching, small_chamber_with_monster,
          grunt_ministairs_6
Lab:      nicolae_lab_dead_adventurers, labyrinth_glass_2, nicolae_lab_do_over,
          nicolae_lab_statue

Skill      XL: |  1  2  3  4  5  6  7  8  9 10 11 12 13 14 15 16 17 18 |
---------------+-------------------------------------------------------+-----
Crossbows      | 4 5 6 |  6.1
Armour         | 2 3 4 5 6 7 8 9 10 11 | 11.3
Dodging        | 2 3 4 5 6 7 8 9 10 | 10.9
Fighting       | 3 4 5 7 |  7.2
Invocations    | 1 3 5 6 7 8 9 10 | 10.1
Maces & Flails | 1 3 5 7 8 9 10 | 10.4
Spellcasting   | 1 3 5 6 8 9 10 | 10.0
Necromancy     | 1 4 6 8 10 11 12 13 14 15 | 15.4
Evocations     | 1 5 6 8 9 |  9.7
Axes           | 4 7 8 |  8.0
Stealth        | |  0.7

Action                   |  1- 3 |  4- 6 |  7- 9 | 10-12 | 13-15 | 16-18 || total
-------------------------+-------+-------+-------+-------+-------+-------++-------
Melee: Short sword       |     7 |       |       |       |       |       ||     7
       Long sword        |       |   184 |   265 |       |       |       ||   449
       Glaive            |       |       |    72 |       |       |       ||    72
       Scimitar          |       |       |    28 |       |       |       ||    28
       Flail             |       |       |    27 |   597 |   375 |       ||   999
       Hand axe          |       |       |       |       |   958 |       ||   958
       Morningstar       |       |       |       |       |   399 |  1093 ||  1492
 Fire: Hand crossbow     |    22 |    40 |   111 |     9 |       |       ||   182
       Arbalest          |       |       |     8 |       |       |       ||     8
 Cast: Vampiric Draining |       |       |       |    12 |   131 |   194 ||   337
       Animate Dead      |       |       |       |       |     1 |    35 ||    36
       Apportation       |       |       |       |       |       |     5 ||     5
       Death Channel     |       |       |       |       |       |    14 ||    14
Invok: Slouch            |       |       |       |    10 |    25 |    11 ||    46
       Temporal Distorti |       |       |       |       |     2 |     1 ||     3
 Abil: Evoke Flight      |       |       |       |     1 |     1 |     4 ||     6
       Stop Flying       |       |       |       |       |       |     5 ||     5
Evoke: Wand              |     2 |     2 |    21 |    26 |     9 |     6 ||    66
       Fan of gales      |       |       |       |     1 |     2 |       ||     3
       Box of beasts     |       |       |       |       |     3 |       ||     3
  Use: Scroll            |     7 |     2 |     7 |     6 |    17 |    15 ||    54
 Stab: Confused          |       |       |     4 |     1 |       |       ||     5
       Petrified         |       |       |       |       |     1 |       ||     1
       Invisible         |       |       |       |       |       |     3 ||     3
       Distracted        |       |       |       |       |       |    11 ||    11
Armor: Leather armour    |     1 |       |       |       |       |       ||     1
       Plate armour      |     8 |   265 |   453 |   481 |  1053 |  1085 ||  3345
Dodge: Dodged            |     2 |    89 |   307 |   517 |  1369 |  1637 ||  3921
Block: Other             |       |    39 |    89 |    96 |   191 |       ||   415
       Reflection        |       |       |     2 |     1 |    10 |       ||    13
       Rpst.: Long sword |       |    24 |    39 |       |       |       ||    63
       Scimitar          |       |       |     4 |       |       |       ||     4
